 Dungeon Crawl Stone Soup version 0.29-a0-103-g37f86683bf (webtiles) character file.

Game seed: 2154389162203138794

1309 EiAlmux the Conjurer (level 8, 0/61 HPs)
             Began as a Black Draconian Conjurer on Feb 16, 2022.
             Was an Initiate of Vehumet.
             Slain by a gnoll (7 damage)
             ... on level 6 of the Dungeon.
             The game lasted 00:19:37 (6676 turns).

EiAlmux the Conjurer (Black Draconian Conjurer)     Turns: 6676, Time: 00:19:38

Health: 0/61       AC:  7    Str: 10    XL:     8   Next: 32%
Magic:  0/16       EV: 12    Int: 21    God:    Vehumet [......]
Gold:   202        SH:  0    Dex:  9    Spells: 14/17 levels left

rFire   . . .      SeeInvis .   t - +0 dagger (venom)
rCold   + . .      Faith    .   (no shield)
rNeg    . . .      Spirit   .   (armour unavailable)
rPois   .          Reflect  .   (helmet restricted)
rElec   +          Harm     .   (no cloak)
rCorr   .          Rampage  .   i - +0 pair of gloves
Will    .....                   (no boots)
Stlth   ++........              (no amulet)
HPRegen 0.20/turn               q - ring of protection from cold
MPRegen 0.15/turn               (no ring)

@: no status effects
A: breathe lightning, AC +6, unfitting armour, electricity resistance,
cold-blooded
a: Breathe Lightning, Renounce Religion


You were on level 6 of the Dungeon.
You worshipped Vehumet.
Vehumet was noncommittal.
You visited 2 branches of the dungeon, and saw 7 of its levels.
You also visited: Sewer and Ossuary.

You collected 202 gold pieces.

Inventory:

Hand Weapons
 b - a +0 club
 d - a +0 dagger
 t - a +0 dagger of venom (weapon)
Missiles
 f - 2 throwing nets
Armour
 i - a +0 pair of gloves (worn)
Magical Staves
 s - a staff of death
Jewellery
 q - a ring of protection from cold (left hand)
 u - a ring of ice
Scrolls
 a - 2 scrolls of teleportation {unknown}
 k - a scroll of fog
 l - a scroll of enchant armour {unknown}
 m - a scroll of holy word {unknown}
 n - 2 scrolls of magic mapping
 p - a scroll of acquirement {unknown}
 r - a scroll of noise {unknown}
Potions
 c - a potion of haste {unknown}
 e - 3 potions of mutation
 v - a potion of brilliance {unknown}


   Skills:
 - Level 2.0 Fighting
 - Level 4.0 Dodging
 + Level 4.6 Stealth
 + Level 5.4 Spellcasting
 + Level 6.9 Conjurations


You had 14 spell levels left.
You knew the following spells:

 Your Spells              Type           Power      Damage    Failure   Level
a - Magic Dart            Conj           100%       1d8       1%          1
b - Searing Ray           Conj           68%        2d6       1%          2

Your spell library contained the following spells:

 Spells                   Type           Power      Damage    Failure   Level
 Dazzling Flash           Conj/Hex       40%        N/A       8%          3
 Apportation              Tloc           10%        N/A       11%         1
 Sting                    Tmut/Pois      20%        1d4       11%         1
 Mephitic Cloud           Conj/Pois/Air  15%        N/A       12%         3
 Call Imp                 Summ           5%         N/A       16%         2
 Corpse Rot               Necr/Air       10%        N/A       16%         2
 Poisonous Vapours        Pois/Air       10%        N/A       16%         2
 Fulminant Prism          Conj/Hex       10%        3d9       24%         4
 Iskenderun's Mystic Bla  Conj/Tloc      20%        2d6       24%         4
 Olgreb's Toxic Radiance  Pois           5%         N/A       71%         4
 Alistair's Intoxication  Tmut/Pois      3%         N/A       96%         5


Dungeon Overview and Level Annotations

Branches:
Dungeon (6/15)             Temple (1/1) D:5           Sewer (visited)
Ossuary (visited)

Altars:
Ashenzari
Cheibriados
Elyvilon
Fedhas
Gozag
Hepliaklqana
Kikubaaqudgha
Makhleb
Nemelex Xobeh
Okawaru
Qazlal
Ru
Sif Muna
Trog
Uskayaw
Vehumet
Wu Jian
Xom
Yredelemnul
Zin
The Shining One

Annotations:
D:4 Edmund
D:5 Sigmund


Innate Abilities, Weirdness & Mutations

You can breathe wild blasts of lightning.
Your glossy black scales are hard. (AC +6)
You cannot fit into any form of body armour.
You are resistant to electric shocks. (rElec)
You are cold-blooded and may be slowed by cold attacks.


Message History

Okay, then.
Okay, then.
Okay, then.
Okay, then.
The killer bee zombie closely misses you.
The killer bee zombie hits you.
* * * LOW HITPOINT WARNING * * *
There is a gate leading back out of this place here.
The killer bee zombie misses you.
The killer bee zombie hits you but does no damage.
Welcome back to the Dungeon!
The gnoll hits you with a +0 flail.
* * * LOW HITPOINT WARNING * * *
The gnoll barely misses you.
There is a collapsed entrance here.
Okay, then.
As you read the scroll of fear, it crumbles to dust.
You assume a fearsome visage.
The gnoll looks frightened!
Cornered, the gnoll turns to fight!
Casting: Searing Ray (safe; 1% risk of failure)
Confirm with . or Enter, or press ? or * to list all spells.
Aiming: Searing Ray (safe; 1% risk of failure)
Press: ? - help, Shift-Dir - straight line, f - gnoll
Aim: a gnoll, wielding a +0 flail (83% to hit)
The searing ray hits the gnoll.
The gnoll is moderately wounded. (Press . to maintain the ray.)
The searing ray hits the gnoll.
The gnoll is severely wounded.
The gnoll barely misses you.
Without enough magic to sustain it, your searing ray dissipates.
The gnoll closely misses you.
You barely miss the gnoll.
You tail-slap the gnoll, but do no damage.
The gnoll is severely wounded.
The gnoll hits you but does no damage.
You hit the gnoll but do no damage.
The gnoll is poisoned.
Your tail-slap misses the gnoll.
The gnoll is severely wounded.
The gnoll hits you with a +0 flail!
You die...

*** #!............
#.............
###.............
#..........#....
#####......#.......
#..........#.......
#.........#........
#.g.....[)(........
#.@..#.#....#......
#########...#...#..
#..###..##.
##)#*#.....
**..$*###...
*....#* ##..
*#....**#...
****#.....#..##
**,,,..##.....*.


You could see a gnoll (very poisoned).

Vanquished Creatures
  A water moccasin (D:5)
  A black bear (D:5)
  An ogre (D:4)
  A scorpion (D:4)
  2 water moccasin skeletons (D:5)
  2 bullfrog zombies (Ossuary)
  3 centaur zombies (Ossuary)
  A jelly (D:5)
  3 hounds
  A gnoll shaman (D:6)
  An orc priest (D:5)
  A centaur skeleton (D:5)
  Jessica (D:2)
  An iguana (D:5)
  An orc wizard (D:4)
  Natasha (twice) (D:4)
  5 mummies (Ossuary)
  A killer bee zombie (Ossuary)
  A hound skeleton (D:4)
  Robin (D:4)
  5 gnolls
  7 adders
  2 river rats (D:3)
  3 ufetubi (D:4)
  2 worms
  7 orcs
  9 endoplasms
  9 giant cockroaches
  11 goblins
  3 hobgoblins
  4 jackals (D:4)
  5 kobolds
  4 quokkas
  10 ball pythons
  6 bats
  A frilled lizard (D:2)
  A gnoll zombie (D:6)
  5 rats
125 creatures vanquished.

Vanquished Creatures (others)
  A plant (D:2)
  9 withered plants (Ossuary)
10 creatures vanquished.

Grand Total: 135 creatures vanquished

Notes
Turn   | Place    | Note
-------+----------+-------------------------------------------
     0 | D:1      | EiAlmux the Draconian Conjurer began the quest for the Orb.
     0 | D:1      | Reached XP level 1. HP: 14/14 MP: 3/3
   271 | D:1      | Reached skill level 1 in Fighting
   368 | D:1      | Reached XP level 2. HP: 23/23 MP: 0/5
   371 | D:1      | Learned a level 2 spell: Searing Ray
   955 | D:1      | Found a faded altar of an unknown god.
   955 | D:1      | Noticed a Hell Sentinel
  1321 | D:2      | Noticed Jessica
  1326 | D:2      | Killed Jessica
  1327 | D:2      | Reached XP level 3. HP: 29/29 MP: 2/7
  1781 | D:2      | Reached XP level 4. HP: 36/36 MP: 3/8
  2516 | D:3      | Found a glowing drain.
  2530 | Sewer    | Entered a sewer
  2783 | Sewer    | Noticed a kobold brigand
  2783 | Sewer    | Noticed a kobold brigand
  3584 | D:4      | Reached skill level 5 in Conjurations
  3902 | D:4      | Reached XP level 5. HP: 41/41 MP: 6/9
  4114 | D:4      | Noticed Natasha
  4119 | D:4      | Killed Natasha
  4576 | D:4      | Noticed Natasha
  4585 | D:4      | Killed Natasha
  4597 | D:4      | Reached XP level 6. HP: 28/48 MP: 0/11
  4656 | D:4      | Noticed Robin
  4661 | D:4      | Killed Robin
  5082 | D:4      | Noticed Edmund
  5121 | D:5      | Entered Level 5 of the Dungeon
  5152 | D:5      | Your scales start taking on a glossy black colour.
  5152 | D:5      | Reached XP level 7. HP: 50/55 MP: 1/13
  5152 | D:5      | Gained mutation: You are resistant to electric shocks.
                  | (rElec) [Black Draconian growth]
  5289 | D:5      | Found a staircase to the Ecumenical Temple.
  5294 | D:5      | Reached skill level 6 in Conjurations
  5300 | Temple   | Entered the Ecumenical Temple
  5534 | Temple   | Became a worshipper of Vehumet
  6342 | D:5      | Noticed Sigmund
  6372 | D:6      | Reached XP level 8. HP: 42/61 MP: 10/15
  6378 | D:6      | Reached skill level 5 in Spellcasting
  6378 | D:6      | HP: 1/61 [gnoll (10)]
  6422 | D:6      | Found a sand-covered staircase.
  6431 | Ossuary  | Entered an ossuary
  6676 | D:6      | Slain by a gnoll

Illustrated notes

Levels and vault maps discovered:
D:1:      minmay_arrival_open_corners, layout_loops_ring,
          dreamdust_ecumenical_altar_sealed_demon
D:2:      layout_loops_ring, serial_bayou_crossing, uniq_jessica
D:3:      layout_basic, portal_sewer_entry_b, minmay_box_of_dots
D:4:      minmay_bubble_buster, layout_cave_pods, uniq_robin, uniq_edmund,
          uniq_natasha
D:5:      layout_basic, minmay_temple_entry_grid, minmay_strange_pillars,
          uniq_sigmund
D:6:      layout_cave_pools, enter_ossuary_3
Temple:   compressed_dpeg_circular_temple

Skill      XL: |  1  2  3  4  5  6  7  8 |
---------------+-------------------------+-----
Fighting       | 1 2 |  2.0
Spellcasting   | 3 4 5 |  5.4
Conjurations   | 5 6 |  6.9
Dodging        | 2 3 4 |  4.0
Stealth        | 2 3 4 |  4.6

Action                   |  1- 3 |  4- 6 |  7- 9 || total
-------------------------+-------+-------+-------++-------
Melee: Club              |     9 |       |       ||     9
       Dagger            |    11 |    40 |    68 ||   119
       Tailslap          |     1 |     5 |    14 ||    20
       Punch             |       |     1 |       ||     1
 Cast: Magic Dart        |    65 |   104 |    25 ||   194
       Searing Ray       |     1 |    16 |    24 ||    41
 Abil: Breathe Lightning |       |       |     4 ||     4
  Use: Scroll            |       |     5 |     4 ||     9
       Potion            |       |     1 |     3 ||     4
Armor: Skin              |     9 |    19 |    74 ||   102
Dodge: Dodged            |    22 |    49 |   104 ||   175

Table legend: (Time is in decaauts)
 A = Elapsed time spent in this place.
 B = Non-inter-level travel time spent in this place.
 C = Inter-level travel time spent in this place.
 D = Time resting spent in this place.
 E = Time spent auto-exploring this place.
 F = Levels seen in this place.
 G = Mean time per level.
                   A        B        C        D        E       F      G
               +--------+--------+--------+--------+--------+-----+--------+
         Total |   6699 |   6452 |    247 |    241 |   5226 |   9 |  744.3 |
       Dungeon |   5819 |   5609 |    210 |     14 |   4760 |   6 |  969.8 |
        Temple |    359 |    322 |     37 |     88 |    212 |   1 |  359.0 |
         Sewer |    285 |    285 |      0 |      5 |    253 |   1 |  285.0 |
       Ossuary |    235 |    235 |      0 |    134 |      0 |   1 |  235.0 |
               +--------+--------+--------+--------+--------+-----+--------+

Top non-repeatable levels by time:
     D:4: 1541 daAuts
     D:1: 1146 daAuts
     D:2: 1131 daAuts
     D:3: 1038 daAuts
     D:5: 867 daAuts
  Temple: 359 daAuts
   Sewer: 285 daAuts
 Ossuary: 235 daAuts
     D:6: 93 daAuts
